 Dungeon Sprint DCSS version 0.17-a0-1831-gaadb308 (webtiles) character file.

72 Kidiri the Sneak (level 4, 0/21 HPs)
             Began as a Spriggan Enchanter on Sept 14, 2015.
             Succumbed to a worker ant's poison
             ... in the Dungeon (Sprint II: "The Violet Keep of Menkaure").
             The game lasted 00:00:53 (303 turns).

Kidiri the Sneak (Spriggan Enchanter)                Turns: 303, Time: 00:00:53

Health: 0/21       AC:  3    Str:  4    XL:     4   Next: 6%
Magic:  8/12       EV: 22    Int: 16    God:
Gold:   0          SH:  0    Dex: 17    Spells: 1 memorised, 12 levels left

rFire  . . .     SeeInvis +     a - +1 dagger
rCold  . . .     Clarity  .     b - +1 robe
rNeg   . . .     SustAt   .     (shield restricted)
rPois  .         Gourm    .     (helmet restricted)
rElec  .         Spirit   .     (no cloak)
rCorr  .         Warding  .     (gloves unavailable)
rMut   .         NoTele   +     (boots unavailable)
MR     .....                    (no amulet)
Stlth  ++++......               (no ring)
                                (no ring)

@: lethally poisoned (0 -> -12), exhausted, slowed, quick, not resistant to
hostile enchantments, stealthy
A: unfitting armour, see invisible, herbivore 3, speed 3, slow metabolism 2
a: no special abilities


You were in the Dungeon.
You were not hungry.

You visited 1 branch

Inventory:

Hand weapons
 a - a +1 dagger (weapon)
Armour
 b - a +1 robe (worn)
Scrolls
 j - a scroll of blinking
Potions
 e - a potion of curing
 f - a potion of heal wounds
 g - a potion of haste
 h - 2 potions of magic
Books
 c - a book of Maledictions

   Spells                             Type                      Level
   a - Corona                         Hexes                        1
   b - Ensorcelled Hibernation        Hexes/Ice                    2
   c - Confuse                        Hexes                        3
   d - Tukima's Dance                 Hexes                        3
   e - Dazzling Spray                 Conjuration/Hexes            3
Comestibles
 d - a bread ration


   Skills:
 + Level 3.1 Short Blades
 * Level 6.5 Dodging
 * Level 7.5 Stealth
 * Level 5.3 Spellcasting
 + Level 5.0 Hexes


You had 12 spell levels left.
You knew the following spells:

 Your Spells              Type           Power        Failure   Level  Hunger
a - Corona                Hex            ###....      1%          1    None


Dungeon Overview and Level Annotations

Branches:
Dungeon (1/1)

Altars:


Innate Abilities, Weirdness & Mutations

You are tiny and cannot use many weapons and most armour.
You have supernaturally acute eyesight.
You are a herbivore.
You cover ground extremely quickly.
You need consume almost no food.


Message History

You feel sick. The worker ant bites you.
* * * LOW HITPOINT WARNING * * *
The worker ant bites you but does no damage.
You hit the worker ant.
You kill the worker ant!
Your Short Blades skill increases to level 3!
Your Dodging skill increases to level 6!
Your Stealth skill increases to level 7!
Your Spellcasting skill increases to level 5!
Your Hexes skill increases to level 5!
You have reached level 4!
* * * LOW HITPOINT WARNING * * *
You feel sick.
You see here a worker ant corpse.
You feel a strong urge to attack something.
You see here 243 gold pieces.
You are no longer berserk.
You are exhausted.
You feel yourself slow down.
You die...

## ## ##$ .##
.B B. # .#.
### ##.
#+###.#
#.m.##.##.@##
#.+.<.'##$+
#...##.##a†##
##. #+###.# #


H#H ### .# #. ## ## There were no monsters in sight!

Vanquished Creatures
  3 worker ants (D)
3 creatures vanquished.

Notes
Turn   | Place    | Note
--------------------------------------------------------------
     0 | D        | Kidiri the Spriggan Enchanter began the quest for the Orb.
     0 | D        | Reached XP level 1. HP: 9/9 MP: 5/5
     1 | D        | Noticed a boulder beetle
     1 | D        | Noticed a boulder beetle
     4 | D        | Noticed a siren
     8 | D        | Noticed a worker ant
     8 | D        | Noticed a worker ant
     8 | D        | Noticed a worker ant
     8 | D        | Noticed a worker ant
    11 | D        | Noticed a hippogriff
    11 | D        | Noticed a hippogriff
   290 | D        | Killed a worker ant
   290 | D        | Reached skill level 5 in Dodging
   290 | D        | Reached skill level 6 in Stealth
   290 | D        | Reached XP level 2. HP: 13/13 MP: 6/8
   296 | D        | Killed a worker ant
   296 | D        | Reached XP level 3. HP: 13/16 MP: 7/10
   300 | D        | Killed a worker ant
   300 | D        | Reached skill level 7 in Stealth
   300 | D        | Reached skill level 5 in Spellcasting
   300 | D        | Reached skill level 5 in Hexes
   300 | D        | Reached XP level 4. HP: 2/21 MP: 8/12
   300 | D        | HP: 1/31 [poisoned by a worker ant]
   303 | D        | Succumbed to a worker ant's poison

Vault maps used:
D:        the_violet_keep_of_menkaure

Action                   |  1- 3 |  4- 6 || total
-------------------------+-------+-------++-------
Melee: Dagger            |    12 |       ||    12
  Use: Potion            |     1 |       ||     1
 Stab: Sleeping          |     2 |       ||     2
